 Dungeon Crawl Stone Soup version 0.18.1-1-g2f07953 (webtiles) character file.

2520 MTVSty1e the Protected (level 9, -8/79 HPs)
             Began as a Minotaur Fighter on May 6, 2016.
             Was a Follower of Okawaru.
             Mangled by Gastronok (16 damage)
             ... on level 9 of the Dungeon.
             The game lasted 00:23:52 (5820 turns).

MTVSty1e the Protected (Minotaur Fighter)           Turns: 5820, Time: 00:23:53

Health: -8/79      AC: 17    Str: 29    XL:     9   Next: 29%
Magic:  7/8        EV: 10    Int: 10    God:    Okawaru [*.....]
Gold:   300        SH: 13    Dex: 12    Spells: 0 memorised, 8 levels left

rFire  + . .     SeeInvis .     f - +0 hand axe (elec)
rCold  x . .     Gourm    .     e - +0 chain mail {rPois}
rNeg   . . .     Faith    .     c - +1 shield
rPois  +         Spirit   .     (helmet restricted)
rElec  .         Dismiss  .     j - +2 cloak
rCorr  .         Reflect  .     l - +2 pair of gloves of Untold Secrets {MR- Str+5 Int+2}
SustAt .         Harm     .     (no boots)
MR     .....     Clarity  +     (no amulet)
Stlth  ..........               y - +3 ring of intelligence
                                m - ring of fire

@: slowed, very slow, not resistant to hostile enchantments, extremely
unstealthy
A: retaliatory headbutt, horns 2, thin skeletal structure 1, clarity, high mp 1,
wild magic 1
a: Heroism, Renounce Religion


You were on level 9 of the Dungeon.
You worshipped Okawaru.
Okawaru was aware of your devotion.
You were not hungry.

You visited 2 branches of the dungeon, and saw 9 of its levels.

You collected 300 gold pieces.

Inventory:

Hand Weapons
 a - a +0 war axe
 f - a +0 hand axe of electrocution (weapon)
Armour
 b - a +0 scale mail
 c - a +1 shield (worn)
 e - a +0 chain mail of poison resistance (worn)
 j - a +2 cloak (worn)
 l - the +2 pair of gloves of Untold Secrets (worn) {MR- Str+5 Int+2}
   (You found it on level 5 of the Dungeon)

   It affects your strength (+5).
   It affects your intelligence (+2).
   It affects your resistance to hostile enchantments.
 s - a +0 pair of gloves
 u - a +0 cloak
Jewellery
 k - an uncursed amulet of inaccuracy
 m - a ring of fire (left hand)
 p - an uncursed amulet of dismissal
 y - a +3 ring of intelligence (right hand)
Wands
 o - a wand of enslavement (24/24)
 x - a wand of flame (29/48)
Scrolls
 g - 2 scrolls of identify
 t - 3 scrolls of teleportation
 v - 2 scrolls of remove curse
 A - a scroll of fog
Potions
 h - 2 potions of curing
 i - a potion of magic {unknown}
 q - 2 potions of lignification {unknown}
 r - a potion of invisibility {unknown}
 w - a potion of agility
Comestibles
 d - 3 meat rations
 n - 4 bread rations
 B - 7 royal jellies


   Skills:
 * Level 7.3 Fighting
 * Level 6.6 Axes
 * Level 8.7 Armour
 * Level 5.1 Dodging
 + Level 7.9 Shields


You had 8 spell levels left.
You didn't know any spells.

Dungeon Overview and Level Annotations

Branches:
Dungeon (7/15)             Temple (1/1) D:5

Altars:
Ashenzari
Dithmenos
Elyvilon
Fedhas
Gozag
Makhleb
Nemelex Xobeh
Okawaru
Pakellas
Qazlal
Sif Muna
Trog
Zin
The Shining One

Annotations:
D:9 Gastronok


Innate Abilities, Weirdness & Mutations

You reflexively headbutt those who attack you in melee.
You have a pair of horns on your head.
You have a somewhat thin skeletal structure (Dex +2, Stealth).
You possess an exceptional clarity of mind.
You have an increased reservoir of magic (+10% MP).
Your spells are a little harder to cast, but a little more powerful.


Message History

You headbutt Gastronok!
Gastronok is heavily wounded.
Gastronok makes a strange noise.
Gastronok bites you!!
* * * LOW HITPOINT WARNING * * *
You hear a shout!
You hit Gastronok.
You headbutt Gastronok, but do no damage.
Gastronok is heavily wounded.
You feel like a meek peon again.
An orc wizard comes into view. It is wielding a dagger.
You slash Gastronok! You headbutt Gastronok!
Gastronok is heavily wounded.
Gastronok barely misses you. You furiously retaliate!
You headbutt Gastronok, but do no damage.
You slash Gastronok!
There is a sudden explosion of sparks!
You headbutt Gastronok.
Gastronok is severely wounded.
Gastronok bites you!
You die...

#.# #.# #.#
#.############
#.............
#()(.(....}...
#.............
#.............
#.....@wo.....
#.............
#.............
###########...
..# #


You could see Gastronok and an orc wizard.

Vanquished Creatures
  A queen bee (D:9)
  Prince Ribbit (D:7)
  Edmund (D:6)
  2 phantoms
  2 centaurs
  4 ogres
  A giant frog (D:5)
  14 killer bees (D:9)
  A howler monkey (D:3)
  2 crimson imps (D:5)
  An orc priest (D:4)
  A jelly (D:6)
  A giant frog zombie (D:4)
  A giant frog skeleton (D:7)
  2 hounds
  An iguana (D:4)
  A worker ant (D:4)
  Terence (D:3)
  A hound zombie (D:5)
  9 adders
  7 gnolls
  An ooze (D:2)
  An adder zombie (D:5)
  3 worms
  2 dart slugs
  10 giant geckos
  10 orcs
  5 giant cockroaches
  7 goblins
  13 hobgoblins
  8 jackals (D:1)
  7 kobolds
  3 quokkas
  3 ball pythons
  4 bats
  A giant gecko skeleton (D:4)
  8 giant newts
  15 rats
156 creatures vanquished.

Notes
Turn   | Place    | Note
--------------------------------------------------------------
     0 | D:1      | MTVSty1e the Minotaur Fighter began the quest for the Orb.
     0 | D:1      | Reached XP level 1. HP: 19/19 MP: 0/0
    54 | D:1      | Reached XP level 2. HP: 23/27 MP: 1/1
   144 | D:1      | Reached skill level 4 in Armour
   456 | D:1      | Reached XP level 3. HP: 33/33 MP: 2/2
   481 | D:1      | Reached skill level 1 in Dodging
   868 | D:1      | You fall through a shaft!
  1056 | D:2      | Found a stormy altar of Qazlal.
  1056 | D:2      | Found a shadowy altar of Dithmenos.
  1056 | D:2      | Found a bloodstained altar of Trog.
  1076 | D:2      | Reached XP level 4. HP: 16/40 MP: 3/3
  1619 | D:2      | You fall through a shaft for 2 floors!
  1632 | D:4      | Gained mutation: You have an increased reservoir of magic (+10% MP). [potion of mutation]
  1632 | D:4      | Gained mutation: You possess an exceptional clarity of mind. [potion of mutation]
  1632 | D:4      | Gained mutation: You have a somewhat thin skeletal structure (Dex +2, Stealth). [potion of mutation]
  1635 | D:4      | Gained mutation: You are dopey. (Int -2) [potion of mutation]
  1635 | D:4      | Gained mutation: Your spells are a little harder to cast, but a little more powerful. [potion of mutation]
  1650 | D:4      | Reached XP level 5. HP: 24/47 MP: 4/4
  1742 | D:3      | Noticed Terence
  1753 | D:3      | Killed Terence
  1753 | D:3      | Reached skill level 5 in Armour
  2018 | D:2      | Found an oddly glowing altar of Pakellas.
  2286 | D:3      | Reached skill level 5 in Shields
  2516 | D:3      | Reached XP level 6. HP: 55/55 MP: 5/5
  2547 | D:3      | Reached skill level 5 in Fighting
  2902 | D:3      | Lost mutation: You are dopey. (Int -2) [potion of mutation]
  3490 | D:5      | Entered Level 5 of the Dungeon
  3596 | D:5      | Found a staircase to the Ecumenical Temple.
  3695 | D:5      | Reached skill level 6 in Armour
  3695 | D:5      | Reached XP level 7. HP: 55/61 MP: 6/6
  3718 | D:5      | Found a deep blue altar of Sif Muna.
  3747 | D:5      | Got a pair of scorched gloves
  3748 | D:5      | Identified the +2 pair of gloves of Untold Secrets {MR- Str+5 Int+2} (You found it on level 5 of the Dungeon)
  4340 | D:6      | Noticed an air elemental
  4341 | D:6      | Found a stormy altar of Qazlal.
  4343 | D:6      | Noticed a fire elemental
  4343 | D:6      | Noticed a water elemental
  4403 | D:6      | Reached skill level 5 in Axes
  4403 | D:6      | Reached skill level 7 in Armour
  4403 | D:6      | Reached XP level 8. HP: 70/70 MP: 7/7
  4406 | D:6      | Noticed Edmund
  4419 | D:6      | Killed Edmund
  4662 | Temple   | Entered the Ecumenical Temple
  4679 | Temple   | Became a worshipper of Warmaster Okawaru
  4837 | D:6      | Found a shattered altar of Ashenzari.
  5188 | D:7      | Noticed Prince Ribbit
  5193 | D:7      | Killed Prince Ribbit
  5438 | D:7      | You fall through a shaft for 2 floors!
  5439 | D:9      | Noticed a queen bee
  5452 | D:9      | Reached * piety under Okawaru
  5452 | D:9      | Reached skill level 8 in Armour
  5453 | D:9      | Killed a queen bee
  5455 | D:9      | Reached XP level 9. HP: 51/79 MP: 5/8
  5459 | D:9      | Reached skill level 5 in Dodging
  5803 | D:9      | Noticed Gastronok
  5820 | D:9      | Mangled by Gastronok

Skill      XL: |  1  2  3  4  5  6  7  8  9 |
---------------+----------------------------+-----
Fighting       | 4 5 6 7 |  7.3
Armour         | 4 5 6 7 8 |  8.7
Shields        | 4 5 6 7 |  7.9
Dodging        | 1 2 3 4 5 |  5.1
Axes           | 3 4 5 6 |  6.6

Action                   |  1- 3 |  4- 6 |  7- 9 || total
-------------------------+-------+-------+-------++-------
Melee: War axe           |   124 |   114 |       ||   238
       Headbutt          |    17 |    27 |    44 ||    88
       Hand axe          |       |    58 |   137 ||   195
Invok: Heroism           |       |       |     2 ||     2
  Use: Scroll            |     1 |    10 |     5 ||    16
       Potion            |     2 |     6 |     2 ||    10
  Eat: Bread ration      |     1 |       |       ||     1
       Beef jerky        |       |     3 |     1 ||     4
       Meat ration       |       |       |     1 ||     1
       Pizza             |       |       |     1 ||     1
Armor: Scale mail        |    72 |    29 |       ||   101
       Chain mail        |       |    59 |    87 ||   146
Dodge: Dodged            |    54 |    40 |    86 ||   180
Block: Shield            |    88 |   122 |   115 ||   325
